 Dungeon Crawl Stone Soup version 0.28.0 (webtiles) character file.

Game seed: 13731421972839626012

141 edsrzf the Sneak (level 5, 0/43 HPs)
             Began as a Deep Elf Warper on Feb 19, 2022.
             Slain by a kobold brigand (5 damage)
             ... in a sewer.
             The game lasted 00:07:13 (2625 turns).

edsrzf the Sneak (Deep Elf Warper)                  Turns: 2625, Time: 00:07:13

Health: 0/43       AC:  4    Str: 10    XL:     5   Next: 3%
Magic:  11/11      EV: 12    Int: 18    God:
Gold:   60         SH:  0    Dex: 14    Spells: 8/10 levels left

rFire   . . .      SeeInvis .   a - +1 short sword
rCold   . . .      Faith    .   (no shield)
rNeg    . . .      Spirit   .   b - +1 leather armour
rPois   .          Reflect  .   (no helmet)
rElec   .          Harm     .   (no cloak)
rCorr   .          Rampage  .   (no gloves)
Will    .....                   (no boots)
Stlth   ..........              (no amulet)
HPRegen 0.14/turn               (no ring)
MPRegen 0.12/turn               (no ring)

@: berserking, very quick
A: no striking features
a: no special abilities


You were in a sewer.
You visited 1 branch of the dungeon, and saw 3 of its levels.
You also visited: Sewer.

You collected 60 gold pieces.

Inventory:

Hand Weapons
 a - a +1 short sword (weapon)
Missiles
 k - 5 atropa-tipped darts (quivered)
Armour
 b - a +1 leather armour (worn)
Scrolls
 c - a scroll of blinking
Potions
 g - 3 potions of brilliance
 i - a potion of might
 j - a potion of cancellation {unknown}


   Skills:
 - Level 1.5 Fighting
 + Level 3.9 Short Blades
 - Level 1.0 Throwing
 - Level 0.7 Armour
 - Level 2.4 Dodging
 + Level 4.3 Stealth
 - Level 3.0 Spellcasting
 - Level 3.2 Translocations


You had 8 spell levels left.
You knew the following spells:

 Your Spells              Type           Power      Damage    Failure   Level
b - Blink                 Tloc           28%        N/A       9%          2

Your spell library contained the following spells:

 Spells                   Type           Power      Damage    Failure   Level
 Gell's Gravitas          Tloc           14%        N/A       17%         3
 Lesser Beckoning         Tloc           14%        N/A       17%         3
 Teleport Other           Tloc           14%        N/A       17%         3
 Manifold Assault         Tloc           14%        N/A       85%         5


Dungeon Overview and Level Annotations

Branches:
Dungeon (3/15)              Sewer (1/1)

Altars:

Shops:
D:2 *

Annotations:
D:2 exclusion: 2 adders
D:3 exclusion: orc priest


Message History

You enter the shallow water.
Moving in this stuff is going to be slow.
You enter the shallow water.
Moving in this stuff is going to be slow.
You enter the shallow water.
Moving in this stuff is going to be slow.
You enter the shallow water.
Moving in this stuff is going to be slow.
A kobold and a kobold brigand come into view.
The kobold brigand is wielding a +0 club and quivering poisoned darts.
You enter the shallow water.
Moving in this stuff is going to be slow.
You enter the shallow water.
Moving in this stuff is going to be slow.
You enter the shallow water.
Moving in this stuff is going to be slow.
You enter the shallow water.
Moving in this stuff is going to be slow.
The kobold brigand shouts!
A kobold comes into view. It is wielding a +0 club.
A kobold comes into view. It is wielding a +0 short sword.
The kobold moves out of view.
The kobold brigand throws a poisoned dart.
The poisoned dart completely misses you.
You enter the shallow water.
Moving in this stuff is going to be slow.
The kobold brigand throws a poisoned dart.
The poisoned dart hits you.
You are poisoned.
You feel sick.
You feel sick.
The kobold shouts!
You feel sick.
You hit the kobold brigand.
The kobold brigand is moderately wounded.
You feel sick.
The kobold brigand hits you with a +0 club.
You completely miss the kobold brigand.
The kobold brigand is moderately wounded.
The kobold brigand hits you with a +0 club.
You puncture the kobold brigand!
The kobold brigand is heavily wounded.
You feel sick.
You are no longer poisoned.
The kobold brigand closely misses you.
You hit the kobold brigand.
The kobold brigand is severely wounded.
The kobold brigand hits you with a +0 club.
The kobold barely misses you.
You hit the kobold brigand.
The kobold brigand is severely wounded.
The kobold brigand closely misses you. The kobold hits you with a +0 dagger.
You hit the kobold brigand but do no damage.
The kobold brigand is severely wounded.
The kobold brigand hits you with a +0 club.
* * * LOW HITPOINT WARNING * * *
The kobold splashes around in the water.
Okay, then.
Press: ? - help, v - describe, . - travel
Here: a kobold, wielding a +0 dagger Some shallow water.
You closely miss the kobold brigand.
The kobold brigand is severely wounded.
The kobold brigand completely misses you.
The kobold hits you but does no damage.
You barely miss the kobold brigand.
The kobold brigand is severely wounded.
The kobold brigand hits you with a +0 club.
* * * LOW HITPOINT WARNING * * *
Okay, then.
Okay, then.
Press: ? - help, v - describe, . - travel
Here: a kobold brigand, wielding a +0 club and quivering poisoned darts (severely wounded) Some shallow water.
Unknown command.
Okay, then.
Throw: boomerang (disperse)
Press: ? - help, Q - select action, (/) - cycle Shift-Dir - straight line, f - kobold brigand
Aim: a kobold brigand, wielding a +0 club and quivering poisoned darts (severely wounded, 50% to hit)
You throw a boomerang of dispersal.
The boomerang of dispersal closely misses the kobold brigand.
You hear a shout!
The kobold hits you but does no damage. x2
Casting: Blink (safe; 9% risk of failure)
Confirm with . or Enter, or press ? or * to list all spells.
Okay, then.
Press: ? - help, v - describe, . - travel
Here: a kobold brigand, wielding a +0 club and quivering poisoned darts (severely wounded) Some shallow water.
Unknown command.
It was a potion of berserk rage.
A red film seems to cover your vision as you go berserk!
You feel yourself moving faster!
You feel mighty!
The kobold brigand hits you with a +0 club.
* * * LOW HITPOINT WARNING * * *
The kobold hits you but does no damage.
You hit the kobold brigand.
The kobold brigand is almost dead.
The kobold brigand hits you with a +0 club.
You die...

#≈≈≈# #≈≈≈# ##≈≈≈##
#.≈≈≈.# ###.≈≈≈.#
#∩..≈≈≈.# ###.≈≈≈.#
#.≈≈≈.# ##.≈≈≈@##
#.≈≈≈≈KK###############
#.≈≈≈≈≈≈≈≈≈≈≈≈≈≈≈≈≈≈≈≈≈
#≈.≈≈≈≈.###############
#.≈≈≈≈.≈# #.≈≈≈≈≈.#
#≈≈≈≈≈≈≈# #≈≈≈≈≈K≈#
#≈≈≈≈≈≈.#


You could see a kobold brigand and 2 kobolds.

Vanquished Creatures
  A bullfrog (D:3)
  A river rat (Sewer)
  4 adders
  A dart slug (D:1)
  3 ball pythons (D:1)
  5 bats
  An endoplasm (D:3)
  A giant cockroach (D:1)
  5 kobolds
  A quokka (D:1)
  3 frilled lizards
  3 goblins (D:1)
  4 rats (Sewer)
33 creatures vanquished.

Notes
Turn   | Place    | Note
-------+----------+-------------------------------------------
     0 | D:1      | edsrzf the Deep Elf Warper began the quest for the Orb.
     0 | D:1      | Reached XP level 1. HP: 12/12 MP: 6/6
   164 | D:1      | Reached skill level 1 in Stealth
   313 | D:1      | Reached XP level 2. HP: 15/16 MP: 8/8
   959 | D:1      | Reached skill level 2 in Stealth
  1278 | D:2      | Identified a potion of heal wounds
  1452 | D:2      | Learned a level 2 spell: Blink
  1476 | D:2      | Identified a potion of curing
  1479 | D:2      | Reached XP level 3. HP: 10/20 MP: 9/9
  1698 | D:2      | Found Murch's Assorted Antiques.
  1838 | D:3      | Noticed a bullfrog
  1839 | D:3      | Identified 2 scrolls of identify
  1839 | D:3      | Identified 2 potions of might
  1843 | D:3      | Killed a bullfrog
  1844 | D:3      | Reached skill level 3 in Short Blades
  1844 | D:3      | Reached skill level 3 in Stealth
  1844 | D:3      | Reached XP level 4. HP: 15/25 MP: 10/10
  1923 | D:3      | Reached skill level 4 in Stealth
  1985 | D:3      | Identified 3 potions of brilliance
  1988 | D:3      | Identified a scroll of enchant weapon
  1989 | D:3      | Identified a scroll of enchant armour
  1990 | D:3      | Identified a scroll of teleportation
  2073 | D:3      | Found a glowing drain.
  2084 | Sewer    | Entered a sewer
  2284 | Sewer    | Reached XP level 5. HP: 6/29 MP: 11/11
  2624 | Sewer    | Identified a potion of berserk rage
  2625 | Sewer    | Slain by a kobold brigand

Illustrated notes

Levels and vault maps discovered:
D:1:      noname_arrival_rooms_in_the_neighbourhood, layout_basic
D:2:      layout_loops_corners, shapermc_ecumenical_altar_pompeii, serial_shops,
          nicolae_diamond_shop, minmay_misc_feat_room, minmay_octomino_c4,
          uniq_crazy_yiuf_cottage
D:3:      layout_rooms, cheibrodos_sewer_entry_bend,
          chequers_serial_rivers_room_a, hangedman_decor_growths,
          minmay_misc_feat_iff, chequers_mini_garden
Sewer:    sewer_kobolds

Skill      XL: |  1  2  3  4 |
---------------+-------------+-----
Stealth        | 1 2 3 4 |  4.3
Short Blades   | 3 |  3.9
Fighting       | |  1.5
Throwing       | |  1.0
Armour         | |  0.7
Dodging        | |  2.4
Spellcasting   | |  3.0
Translocations | |  3.2

Action                   |  1- 3 |  4- 6 || total
-------------------------+-------+-------++-------
Melee: Short sword       |    80 |    50 ||   130
       Punch             |     2 |     1 ||     3
Throw: Boomerang         |     3 |     2 ||     5
  Use: Potion            |     3 |     1 ||     4
       Scroll            |     1 |     4 ||     5
 Stab: Sleeping          |     4 |       ||     4
Armor: Leather armour    |    14 |    10 ||    24
Dodge: Dodged            |    46 |    23 ||    69
